 Dungeon Crawl Stone Soup version 0.30-a0-778-g2ef04afb54 (webtiles) character file.

Game seed: 11706092726456796123

85 Shayle the Conjurer (level 4, 23/32 HPs)
             Began as a Demonspawn Conjurer on Feb 16, 2023.
             Quit the game on level 2 of the Dungeon.
             The game lasted 00:02:58 (1641 turns).

Shayle the Conjurer (Demonspawn Conjurer)           Turns: 1641, Time: 00:02:59

Health: 23/32      AC:  2    Str:  7    XL:     4   Next: 25%
Magic:  5/7        EV: 12    Int: 21    God:
Gold:   97         SH:  0    Dex: 12    Spells: 5/8 levels left

rFire   . . .      SeeInvis .    (no weapon)
rCold   . . .      Faith    .    (no shield)
rNeg    . . .      Spirit   .    a - +0 robe
rPois   .          Reflect  .    (no helmet)
rElec   .          Harm     .    (no cloak)
rCorr   .          Rampage  .    (no gloves)
Will    .....                    (no boots)
Stlth   ++                       (no amulet)
HPRegen 0.25/turn                (no ring)
MPRegen 0.10/turn                (no ring)

@: no status effects
A: foul stench 1, demonic magic 1, demonic touch 1
a: no special abilities


You were on level 2 of the Dungeon.
You visited 1 branch of the dungeon, and saw 2 of its levels.

You collected 97 gold pieces.

Inventory:

Missiles
 d - 4 silver javelins
Armour
 a - a +0 robe (worn)
Scrolls
 c - a scroll of blinking {unknown}
 e - a scroll of butterflies {unknown}
 f - a scroll of vulnerability {unknown}
 i - a scroll of acquirement {unknown}
Potions
 b - a potion of magic
 g - a potion of lignification {unknown}
 h - a potion of curing {unknown}


   Skills:
 + Level 1.5 Fighting
 + Level 2.3 Dodging
 + Level 2.5 Stealth
 + Level 2.5 Spellcasting
 + Level 4.3 Conjurations


You had 5 spell levels left.
You knew the following spells:

 Your Spells              Type           Power      Damage    Failure   Level
a - Magic Dart            Conj           84%        1d7       2%          1
b - Searing Ray           Conj           42%        2d6       3%          2

Your spell library contained the following spells:

 Spells                   Type           Power      Damage    Failure   Level
 Dazzling Flash           Conj/Hex       22%        N/A       17%         3
 Fulminant Prism          Conj/Hex       5%         3d6       50%         4
 Iskenderun's Mystic Bla  Conj/Tloc      11%        2d4       50%         4


Dungeon Overview and Level Annotations

Branches:
Dungeon (2/15)

Altars:
Trog

Annotations:
D:2 Natasha


Innate Abilities, Weirdness & Mutations

You may rarely emit foul miasma when damaged in melee.
Spells you cast may paralyse adjacent enemies.
Your touch may inflict minor irresistible damage on your foes.


Message History

Aim: Natasha (72% to hit)
The searing ray hits Natasha.
Natasha is moderately wounded. (Press . to maintain the ray.) Malevolent energies surge around you.
The searing ray hits Natasha.
Natasha is severely wounded.
The searing ray hits Natasha.
Natasha is almost dead.
Natasha claws you!
You closely miss Natasha.
Natasha is almost dead.
Natasha claws you.
You miss Natasha.
Natasha is almost dead.
Natasha casts a spell.
You hit Natasha but do no damage.
Natasha is almost dead.
Natasha closely misses you.
You closely miss Natasha.
Natasha is almost dead.
Natasha casts a spell at you. The magic dart hits you.
Casting: Searing Ray (safe; 3% risk of failure)
Confirm with . or Enter, or press ? or * to list all spells.
Aiming: Magic Dart (safe; 2% risk of failure)
Press: ? - help, Shift-Dir - straight line, f/p - Natasha
Aim: Natasha (almost dead, 100% to hit)
The magic dart hits Natasha.
You kill Natasha!
Natasha yowls pathetically as she dies!
The white imp disappears in a puff of smoke!
Malevolent energies surge around you.
You have reached level 4!
You feel agile.
Your demonic ancestry asserts itself...
You begin to emit a foul stench of rot and decay.
You see here the felid corpse of Natasha.
You start resting.
Natasha, Servant of Life and Death comes into view.
Are you sure you want to abandon this character and quit the game? (Confirm with "yes".)

.#.# #..##.....# #.# .#.#
#.†######.# #.### .#.# #..#
#.# #...# ...# #..# #.#
###.# .#######..######.#
#.#
.................########.#
#########.######..........#
#########.............###.#
.......##.######@####.# #.#
######.##>## #.# #.# #.# #
#........# #.# #.# #.# #
#.##.##..# #.# #.# #.# #
#.##.##..# ##.####.###.#
#.##.##..# #...........#
#.##.##..####..<>...##.##
#....##...†..h......#(..##
#..####..####............##


You could see Natasha (wandering).

Vanquished Creatures
  Natasha (twice) (D:2)
  An adder (D:2)
  3 ball pythons
  An endoplasm (D:1)
  A giant cockroach (D:2)
  A goblin (D:1)
  6 hobgoblins
  3 kobolds (D:2)
  3 quokkas
  2 frilled lizards (D:2)
  A rat (D:1)
24 creatures vanquished.

Notes
Turn   | Place    | Note
-------+----------+-------------------------------------------
     0 | D:1      | Shayle the Demonspawn Conjurer began the quest for the Orb.
     0 | D:1      | Reached XP level 1. HP: 13/13 MP: 3/3
   750 | D:1      | Gained mutation: Your touch may inflict minor irresistible
                  | damage on your foes. [demonic ancestry]
   750 | D:1      | Reached XP level 2. HP: 20/20 MP: 1/5
   817 | D:2      | Learned a level 2 spell: Searing Ray
  1222 | D:2      | Found a bloodstained altar of Trog.
  1340 | D:2      | Reached skill level 1 in Fighting
  1340 | D:2      | Gained mutation: Spells you cast may paralyse adjacent
                  | enemies. [demonic ancestry]
  1340 | D:2      | Reached XP level 3. HP: 26/26 MP: 2/6
  1470 | D:2      | Noticed Natasha
  1474 | D:2      | Killed Natasha
  1580 | D:2      | Noticed Natasha
  1591 | D:2      | Killed Natasha
  1592 | D:2      | Gained mutation: You may rarely emit foul miasma when
                  | damaged in melee. [demonic ancestry]
  1592 | D:2      | Reached XP level 4. HP: 11/32 MP: 0/7
  1640 | D:2      | Noticed Natasha
  1641 | D:2      | Quit the game

Illustrated notes

Levels and vault maps discovered:
D:1:      zelgadis_glass_arrival_small, layout_loops_ring, minivault_11
D:2:      layout_loops_ring, basic_altar, grunt_ministairs_9, minmay_distorted,
          uniq_natasha

Skill      XL: |  1  2 |
---------------+-------+-----
Stealth        | 2 |  2.5
Dodging        | 2 |  2.3
Fighting       | 1 |  1.5
Spellcasting   | |  2.5
Conjurations   | |  4.3

Action                     |  1- 3 |  4- 6 || total
---------------------------+-------+-------++-------
  Melee: Unarmed           |     8 |       ||     8
         Touch             |     1 |       ||     1
   Cast: Magic Dart        |    35 |       ||    35
         Searing Ray       |     4 |       ||     4
 Armour: Robe              |     1 |       ||     1
  Dodge: Dodged            |     9 |       ||     9

Table legend: (Time is in decaauts)
 A = Elapsed time spent in this place.
 B = Non-inter-level travel time spent in this place.
 C = Inter-level travel time spent in this place.
 D = Time resting spent in this place.
 E = Time spent auto-exploring this place.
 F = Levels seen in this place.
 G = Mean time per level.
                   A        B        C        D        E       F      G
               +--------+--------+--------+--------+--------+-----+--------+
         Total |   1641 |   1560 |     81 |     85 |   1338 |   2 |  820.5 |
       Dungeon |   1641 |   1560 |     81 |     85 |   1338 |   2 |  820.5 |
               +--------+--------+--------+--------+--------+-----+--------+

Top non-repeatable levels by time:
     D:2: 848 daAuts
     D:1: 792 daAuts
